 Dungeon Crawl Stone Soup version 0.31-a0-233-g139696dc86 (webtiles) character file.

Game seed: 9893788644462141790

1621 benadryl the Firebug (level 8, -2/64 HPs)
             Began as a Demonspawn Fire Elementalist on July 8, 2023.
             Shot with a bolt by an orc warrior (21 damage)
             ... on level 6 of the Dungeon.
             The game lasted 00:09:32 (7479 turns).

benadryl the Firebug (Demonspawn Fire Elementalist) Turns: 7479, Time: 00:09:32

Health: -2/64      AC:  3    Str: 10    XL:     8   Next: 64%
Magic:  3/17       EV: 17    Int: 19    God:
Gold:   309        SH:  0    Dex: 14    Spells: 16/19 levels left

rFire   . . .        g - +2 dagger (venom)
rCold   . . .        (no shield)
rNeg    . . .        j - +0 robe of Tomorrow {Fly Str+2}
rPois   .            p - +1 hat
rElec   .            (no cloak)
rCorr   .            (no gloves)
SInv    .            (no boots)
Will    .....        (no amulet)
Stlth   ++           s - +5 ring of evasion
HPRegen 0.30/turn    (no ring)
MPRegen 0.15/turn

%: no passive effects
@: about to teleport, flying
A: demonic magic 2, weakness stinger 1
a: no special abilities


You were on level 6 of the Dungeon.
You visited 1 branch of the dungeon, and saw 6 of its levels.

You collected 309 gold pieces.

Inventory:

Hand Weapons
 c - a +0 dagger
 g - a +2 dagger of venom (weapon)
 h - a +1 war axe of freezing
Armour
 j - the +0 robe of Tomorrow (worn) {Fly Str+2}
   (You found it on level 2 of the Dungeon)

   Str:       It affects your strength (+2).
   Fly:       It grants you flight.
 p - a +1 hat (worn)
Jewellery
 s - a +5 ring of evasion (left hand)
Wands
 w - a wand of flame (17)
Scrolls
 f - 3 scrolls of identify {@r1}
 i - a scroll of teleportation
 l - a scroll of silence {unknown}
 v - a scroll of revelation
Potions
 a - a potion of might
 d - a potion of cancellation {unknown}
 e - a potion of attraction {unknown}
 k - a potion of haste {unknown}
 m - a potion of curing {@q1}
 n - a potion of berserk rage {unknown}
 o - a potion of heal wounds {unknown}
 q - a potion of ambrosia {unknown}
 r - a potion of brilliance
 t - 2 potions of mutation
 u - a potion of lignification {unknown}


   Skills:
 + Level 5.7 Fighting
 - Level 1.7 Dodging
 - Level 1.7 Stealth
 - Level 6.1 Spellcasting
 - Level 1.0 Conjurations
 * Level 6.7 Fire Magic


You had 16 spell levels left.
You knew the following spells:

 Your Spells              Type           Power      Damage    Failure   Level
a - Foxfire               Conj/Fire      80%        2x1d8     2%          1
b - Scorch                Fire           62%        2d8       1%          2

Your spell library contained the following spells:

 Spells                   Type           Power      Damage    Failure   Level
 Inner Flame              Hex/Fire       18%        N/A       9%          3
 Volatile Blastmotes      Fire/Tloc      36%        2d13      9%          3
 Apportation              Tloc           10%        N/A       11%         1
 Freeze                   Ice            20%        1d4       11%         1
 Necrotise                Necr           20%        1d5       11%         1
 Summon Small Mammal      Summ           20%        N/A       11%         1
 Flame Wave               Conj/Fire      20%        2d7       22%         4
 Hailstorm                Conj/Ice       7%         3d4       26%         3
 Frozen Ramparts          Ice            10%        1d2       32%         3


Dungeon Overview and Level Annotations

Branches:
Dungeon (6/15)
 Temple: D:4-7

Altars:
Okawaru
Sif Muna
Trog
Yredelemnul


Innate Abilities, Weirdness & Mutations

Spells you cast may paralyse nearby enemies.
You have a small tail.


Message History

Flames lash the orc warrior but do no damage.
Malevolent energies surge around you.
The orc warrior is no longer paralysed.
An orc wizard comes into view. It is wielding a +0 dagger.
Casting: Scorch (safe; 1% risk of failure)
Confirm with . or Enter, or press ? or * to list all spells.
Flames lash the orc wizard.
The orc wizard is lightly wounded.
The orc wizard's fire resistance burns away.
Malevolent energies surge around you.
The orc warrior unwields a +0 arbalest.
The orc warrior wields a +0 hand axe.
The orc warrior closely misses you.
You hit the orc warrior.
The orc warrior is heavily wounded.
The orc warrior hits you with a +0 hand axe!
You barely miss the orc warrior.
The orc warrior is heavily wounded.
The orc warrior closely misses you.
The orc wizard is no longer more vulnerable to fire.
The orc warrior unwields a +0 hand axe.
The orc warrior wields a +0 arbalest.
The orc warrior shoots a bolt.
The bolt misses you.
Casting: Scorch (safe; 1% risk of failure)
Confirm with . or Enter, or press ? or * to list all spells.
Flames lash the orc warrior but do no damage.
Malevolent energies surge around you.
The orc warrior shoots a bolt.
The bolt misses you.
The orc wizard mumbles some strange words.
The orc wizard flickers and vanishes!
Deactivating autopickup; reactivate with Ctrl-A.
Okay, then.
You feel better.
The orc warrior shoots a bolt.
The bolt hits you!!
As you read the scroll of fear, it crumbles to dust.
You assume a fearsome visage.
The orc warrior looks frightened!
The orc warrior is no longer more vulnerable to fire.
The orc warrior shoots a bolt.
The bolt hits you!
* * * LOW HITPOINT WARNING * * *
Okay, then.
As you read the scroll of teleportation, it crumbles to dust.
You feel strangely unstable.
The orc warrior shoots a bolt.
The bolt closely misses you.
The orc warrior shoots a bolt.
The bolt hits you!!
You die...

#........# #._......###
#..........#
##########...8.#)#.#
#...#....##...##.#.#########
#.#......######....[........
#...#)#####.#......#########
##.##.# #.##...#.# #
#.##.#####@.......# #
#.##..o....###.#### #
#o########## #.# # ... ##'##
# #o# ##...## # #<#
##.....## #### #.#
##.......## ##.##
#.........####....
+.........'.......


You could see an orc warrior.

Vanquished Creatures
  A slime creature (D:5)
  A water moccasin (D:5)
  A black bear (D:6)
  An ice beast (D:5)
  A centaur (D:5)
  4 ogres
  3 kobold brigands (D:5)
  A scorpion (D:5)
  A jelly (D:5)
  3 hounds (D:5)
  An orc priest (D:5)
  A sleepcap (D:4)
  6 iguanas (D:5)
  4 adders
  3 worms
  2 dart slugs (D:4)
  6 orcs
  9 ball pythons
  18 endoplasms
  5 giant cockroaches
  6 goblins
  7 hobgoblins
  7 jackals
  7 kobolds
  3 quokkas
  7 bats
  3 rats
112 creatures vanquished.

Vanquished Creatures (others)
  178 foxfires
178 creatures vanquished.

Grand Total: 290 creatures vanquished

Notes
Turn   | Place    | Note
-------+----------+-------------------------------------------
     0 | D:1      | benadryl the Demonspawn Fire Elementalist began the quest
                  | for the Orb.
     0 | D:1      | Reached XP level 1. HP: 13/13 MP: 3/3
   258 | D:1      | Gained mutation: Spells you cast may paralyse adjacent
                  | enemies. [demonic ancestry]
   258 | D:1      | Reached XP level 2. HP: 19/19 MP: 0/5
   263 | D:1      | Learned a level 2 spell: Scorch
   889 | D:1      | Gained mutation: You have a small tail. [demonic ancestry]
   889 | D:1      | Reached XP level 3. HP: 24/24 MP: 5/7
  1386 | D:2      | Identified the +0 robe of Tomorrow {Fly Str+2}
  2274 | D:3      | Reached XP level 4. HP: 30/30 MP: 6/9
  3000 | D:3      | Found a faded altar of an unknown god.
  3003 | D:3      | Found an iron altar of Okawaru.
  3572 | D:4      | Noticed an ogre
  3582 | D:4      | Killed an ogre
  3583 | D:4      | Reached skill level 1 in Fighting
  3583 | D:4      | Reached XP level 5. HP: 35/38 MP: 2/11
  4206 | D:5      | Entered Level 5 of the Dungeon
  4220 | D:5      | Noticed a water moccasin
  4226 | D:5      | Killed a water moccasin
  4227 | D:5      | Reached skill level 5 in Spellcasting
  4227 | D:5      | Gained mutation: Spells you cast may paralyse nearby
                  | enemies. [demonic ancestry]
  4227 | D:5      | Reached XP level 6. HP: 46/46 MP: 4/13
  5077 | D:5      | Found a shimmering blue altar of Sif Muna.
  5080 | D:5      | Found a basalt altar of Yredelemnul.
  5147 | D:5      | Reached XP level 7. HP: 52/52 MP: 8/15
  5490 | D:5      | HP: 2/53 [kobold brigand/+0 club (5)]
  5928 | D:5      | Reached skill level 5 in Fire Magic
  5928 | D:5      | Reached XP level 8. HP: 48/61 MP: 9/17
  6582 | D:5      | Noticed a slime creature
  6616 | D:5      | Killed a slime creature
  6617 | D:5      | Reached skill level 5 in Fighting
  7052 | D:6      | Found a bloodstained altar of Trog.
  7479 | D:6      | Shot with a bolt by an orc warrior

Illustrated notes

Levels and vault maps discovered:
D:1:      lightli_arrival_boilingwater, layout_basic, minmay_pentomino_t4
D:2:      layout_rooms
D:3:      layout_basic, nicolae_overflow_ecumenical_swirl
D:4:      layout_basic, grunt_ministairs_14, grunt_decor_junction
D:5:      cheibrodos_fertilizer, layout_loops_corners,
          mainiacjoe_overflow_catwalk_spiral, minmay_chambers_of_fives
D:6:      layout_loops_corners, trog_antimagical, minmay_temple_entry_glass

Skill      XL: |  1  2  3  4  5  6  7  8 |
---------------+-------------------------+-----
Fire Magic     | 3 5 6 |  6.7
Spellcasting   | 3 4 5 6 |  6.1
Fighting       | 1 2 3 4 5 |  5.7
Dodging        | |  1.7
Stealth        | |  1.7
Conjurations   | |  1.0

Action                     |  1- 3 |  4- 6 |  7- 9 || total
---------------------------+-------+-------+-------++-------
  Melee: Dagger            |    66 |    16 |    31 ||   113
         Tailslap          |     6 |       |     4 ||    10
   Cast: Foxfire           |    40 |    41 |    19 ||   100
         Scorch            |    14 |    35 |    67 ||   116
    Use: Scroll            |       |     9 |     2 ||    11
         Potion            |       |       |     3 ||     3
   Stab: Paralysed         |     5 |     3 |     9 ||    17
         Sleeping          |     3 |       |       ||     3
 Armour: Robe              |    17 |       |     6 ||    23
  Dodge: Dodged            |    63 |    28 |    37 ||   128

Table legend: (Time is in decaauts)
 A = Elapsed time spent in this place.
 B = Non-inter-level travel time spent in this place.
 C = Inter-level travel time spent in this place.
 D = Time resting spent in this place.
 E = Time spent auto-exploring this place.
 F = Levels seen in this place.
 G = Mean time per level.
                   A        B        C        D        E       F      G
               +--------+--------+--------+--------+--------+-----+--------+
         Total |   7484 |   7199 |    285 |   1740 |   4461 |   6 | 1247.3 |
       Dungeon |   7484 |   7199 |    285 |   1740 |   4461 |   6 | 1247.3 |
               +--------+--------+--------+--------+--------+-----+--------+

Top non-repeatable levels by time:
     D:5: 2675 daAuts
     D:3: 1396 daAuts
     D:4: 1334 daAuts
     D:1: 1232 daAuts
     D:2: 586 daAuts
     D:6: 258 daAuts
